[Event "New York President's Day IM-C"]
[Site "New York USA"]
[Date "2025.02.17"]
[Round "8"]
[White "Golubka, Petro"]
[Black "Dhyana, Patel"]
[Result "1/2-1/2"]
[ECO "D85"]
[WhiteElo "2361"]
[BlackElo "2023"]
[WhiteFideId "-1"]
[BlackFideId "-1"]
[PlyCount "31"]
[GameId "524199469478"]
[EventDate "2025.02.14"]
[EventType "tourn"]
[EventRounds "9"]
[EventCountry "USA"]
[SourceTitle "Mega2025 Update 16"]
[Source "Chessbase"]
[SourceDate "2025.02.21"]
[SourceVersion "1"]
[SourceVersionDate "2025.02.21"]
[SourceQuality "1"]
[TimeControl "90+30"]

1. d4 Nf6 2. c4 g6 3. Nc3 d5 4. cxd5 Nxd5 5. e4 Nxc3 6. bxc3 Bg7 7. Nf3 O-O 8. Be2 c5 9. O-O Nc6 10. Be3 Qa5 11. d5 Ne5 12. Nd2 c4 13. Bd4 b5 14. h3 Nd7 15. Bxg7 Kxg7 16. a4 1/2-1/2

[Event "New York President's Day IM-C"]
[Site "New York USA"]
[Date "2025.02.17"]
[Round "9"]
[White "Lund, Silas"]
[Black "Golubka, Petro"]
[Result "1-0"]
[ECO "A69"]
[WhiteElo "2272"]
[BlackElo "2361"]
[WhiteFideId "-1"]
[BlackFideId "-1"]
[PlyCount "77"]
[GameId "524199469486"]
[EventDate "2025.02.14"]
[EventType "tourn"]
[EventRounds "9"]
[EventCountry "USA"]
[SourceTitle "Mega2025 Update 16"]
[Source "Chessbase"]
[SourceDate "2025.02.21"]
[SourceVersion "1"]
[SourceVersionDate "2025.02.21"]
[SourceQuality "1"]
[TimeControl "90+30"]

1. d4 Nf6 2. c4 c5 3. d5 e6 4. Nc3 exd5 5. cxd5 d6 6. Nf3 g6 7. Nd2 Bg7 8. e4 O-O 9. Be2 Re8 10. O-O Na6 11. f4 Nc7 12. a4 b6 13. Bf3 Ba6 14. Re1 h5 15. h3 Nd7 16. e5 dxe5 17. d6 Ne6 18. Nd5 Nxf4 19. Nc7 Nf6 20. Nxe8 Qxe8 21. Ne4 Nd3 22. Nxf6+ Bxf6 23. d7 Qd8 24. Bxa8 Qxa8 25. Rf1 Be7 26. a5 Nxc1 27. Rxc1 Bxf1 28. Qxf1 Qc6 29. Rd1 Bd8 30. Qa6 h4 31. Qxa7 bxa5 32. Qb8 Qf6 33. Re1 c4 34. Qxe5 Qb6+ 35. Kh1 Bf6 36. Qd5 Kg7 37. Rf1 Qd8 38. Qf3 Bxb2 39. Qxf7+ 1-0

[Event "Sunway Sitges op"]
[Site "Sitges ESP"]
[Date "2023.12.22"]
[Round "10.16"]
[White "Golubka, Petro"]
[Black "Henriquez Villagra, Cristobal"]
[Result "1/2-1/2"]
[ECO "B12"]
[WhiteElo "2440"]
[BlackElo "2607"]
[WhiteFideId "-1"]
[BlackFideId "-1"]
[PlyCount "75"]
[GameId "2129404702284167"]
[EventDate "2023.12.12"]
[EventType "swiss"]
[EventRounds "10"]
[EventCountry "ESP"]
[SourceTitle "10 Days #745"]
[Source "ChessMix"]
[SourceDate "2024.01.01"]
[SourceVersion "1"]
[SourceVersionDate "2024.01.01"]
[SourceQuality "1"]
[TimeControl "90/40+30:0"]
[WhiteClock "0:15:26"]
[BlackClock "0:16:38"]

1. e4 c6 2. d4 d5 3. e5 c5 4. Nf3 cxd4 5. Nxd4 Nc6 6. Nxc6 bxc6 7. Bd3 e6 8. O-O a5 9. Be3 Ne7 10. f4 a4 11. Nd2 Nf5 12. Bf2 a3 13. b3 Ba6 14. Qe2 Bxd3 15. cxd3 h5 16. Rac1 Kd7 17. Ne4 Be7 18. Ng3 Nxg3 19. hxg3 Ra5 20. Rc2 g6 21. Rfc1 Qa8 22. Rxc6 Qxc6 23. Rxc6 Kxc6 24. Qc2+ Kb7 25. b4 Raa8 26. Bc5 Bxc5+ 27. Qxc5 Rhc8 28. Qb5+ Kc7 29. g4 hxg4 30. Kh2 Kd8 31. Kg3 Ke7 32. Kxg4 Kf8 33. Qb7 Rab8 34. Qa7 Rxb4 35. Qxa3 Rcb8 36. Kg5 Kg7 37. g4 Rb2 38. Qa7 1/2-1/2

[Event "Allauch FRA, 5th Open"]
[Site "Allauch FRA"]
[Date "2023.08.28"]
[Round "1.1"]
[White "Golubka, Petro"]
[Black "Boghossian, Lucie"]
[Result "1-0"]
[ECO "B22"]
[WhiteElo "2421"]
[BlackElo "1715"]
[WhiteFideId "-1"]
[BlackFideId "-1"]
[PlyCount "55"]
[GameId "2129404705513960"]
[EventDate "2023.08.28"]
[EventType "swiss"]
[EventRounds "9"]
[EventCountry "FRA"]
[SourceTitle "10 Days #735"]
[Source "ChessMix "]
[SourceDate "2023.09.20"]
[SourceVersion "1"]
[SourceVersionDate "2023.09.20"]
[SourceQuality "1"]
[TimeControl "1"]

1. e4 c5 2. Nf3 e6 3. c3 Nc6 4. d4 cxd4 5. cxd4 Nf6 6. Bd3 d6 7. O-O Be7 8. Nc3 O-O 9. Bf4 Nh5 10. Be3 e5 11. dxe5 dxe5 12. Bb5 Bf6 13. Bc5 Qxd1 14. Rfxd1 Rd8 15. Bxc6 Rxd1+ 16. Rxd1 bxc6 17. Nxe5 Bb7 18. Nxf7 Kxf7 19. Rd7+ Kg8 20. Rxb7 Be5 21. Rxa7 Rb8 22. Na4 Nf4 23. Rd7 Bxb2 24. Bd6 Ne2+ 25. Kf1 Re8 26. f3 Ra8 27. Nxb2 Rxa2 28. Be5 1-0

[Event "Allauch FRA, 5th Open"]
[Site "Allauch FRA"]
[Date "2023.08.29"]
[Round "2.1"]
[White "Djoudi, Labir"]
[Black "Golubka, Petro"]
[Result "0-1"]
[ECO "A50"]
[WhiteElo "1821"]
[BlackElo "2421"]
[WhiteFideId "-1"]
[BlackFideId "-1"]
[PlyCount "104"]
[GameId "2129404705513968"]
[EventDate "2023.08.28"]
[EventType "swiss"]
[EventRounds "9"]
[EventCountry "FRA"]
[SourceTitle "10 Days #735"]
[Source "ChessMix "]
[SourceDate "2023.09.20"]
[SourceVersion "1"]
[SourceVersionDate "2023.09.20"]
[SourceQuality "1"]
[TimeControl "1"]

1. d4 Nf6 2. c4 g6 3. Nf3 Bg7 4. g3 b6 5. Bg2 Bb7 6. Nc3 O-O 7. O-O a5 8. Re1 Ne4 9. Qd3 Nxc3 10. Qxc3 Be4 11. Bf4 d6 12. Qe3 Bb7 13. Bh6 e6 14. h4 Nd7 15. Bxg7 Kxg7 16. Qg5 a4 17. Qxd8 Rfxd8 18. a3 h6 19. Nd2 Bxg2 20. Kxg2 Rdb8 21. Rac1 Kf6 22. Ne4+ Ke7 23. Nc3 c6 24. Rc2 Ra5 25. e4 g5 26. hxg5 hxg5 27. Rh1 g4 28. f4 gxf3+ 29. Kxf3 Rg8 30. Ne2 Rag5 31. Rh3 Ra5 32. Ke3 Rg7 33. Nf4 Rag5 34. Rg2 c5 35. Nd3 cxd4+ 36. Kxd4 b5 37. Nb4 bxc4 38. Kxc4 Rc5+ 39. Kd4 Nf6 40. Nd3 Rc6 41. Rh4 Rg5 42. Nb4 Rc1 43. Ke3 Re1+ 44. Kf3 Rf1+ 45. Ke2 Rb1 46. Kf3 Nd7 47. Kf4 Rc5 48. g4 Ne5 49. Rh5 Rf1+ 50. Kg3 Rf3+ 51. Kh2 Nxg4+ 52. Rxg4 Rxh5+ 0-1

[Event "Allauch FRA, 5th Open"]
[Site "Allauch FRA"]
[Date "2023.08.29"]
[Round "3.1"]
[White "Golubka, Petro"]
[Black "Derige Kane, Yan"]
[Result "0-1"]
[ECO "B12"]
[WhiteElo "2421"]
[BlackElo "2162"]
[WhiteFideId "-1"]
[BlackFideId "-1"]
[PlyCount "66"]
[GameId "2129404705513975"]
[EventDate "2023.08.28"]
[EventType "swiss"]
[EventRounds "9"]
[EventCountry "FRA"]
[SourceTitle "10 Days #735"]
[Source "ChessMix "]
[SourceDate "2023.09.20"]
[SourceVersion "1"]
[SourceVersionDate "2023.09.20"]
[SourceQuality "1"]
[TimeControl "1"]

1. e4 c6 2. d4 d5 3. e5 Bf5 4. g4 Be4 5. f3 Bg6 6. e6 fxe6 7. Nc3 Qd6 8. f4 Nf6 9. Bd3 Bxd3 10. cxd3 Na6 11. g5 Nd7 12. Nf3 g6 13. h4 Bg7 14. Be3 O-O-O 15. Qd2 Rhf8 16. O-O-O Kb8 17. h5 c5 18. hxg6 hxg6 19. dxc5 Ndxc5 20. d4 Ne4 21. Nxe4 dxe4 22. Nh4 Nb4 23. Kb1 Rc8 24. Rc1 Nd3 25. Rxc8+ Rxc8 26. Nxg6 Bxd4 27. Bxd4 Qxd4 28. Ne5 Qd5 29. Nxd3 e3 30. Qe1 Qxd3+ 31. Ka1 e2 32. a3 Rd8 33. Qa5 Qd5 0-1

[Event "Allauch FRA, 5th Open"]
[Site "Allauch FRA"]
[Date "2023.08.30"]
[Round "4.4"]
[White "Metras, Dominique"]
[Black "Golubka, Petro"]
[Result "1/2-1/2"]
[ECO "A41"]
[WhiteElo "1767"]
[BlackElo "2421"]
[WhiteFideId "-1"]
[BlackFideId "-1"]
[PlyCount "67"]
[GameId "2129404705513986"]
[EventDate "2023.08.28"]
[EventType "swiss"]
[EventRounds "9"]
[EventCountry "FRA"]
[SourceTitle "10 Days #735"]
[Source "ChessMix "]
[SourceDate "2023.09.20"]
[SourceVersion "1"]
[SourceVersionDate "2023.09.20"]
[SourceQuality "1"]
[TimeControl "1"]

1. d4 g6 2. c4 Bg7 3. Nc3 d6 4. Nf3 Nc6 5. h3 f5 6. e4 fxe4 7. Nxe4 Bf5 8. Ng3 Bd7 9. Be2 Nf6 10. O-O O-O 11. Be3 a5 12. Qd2 b6 13. Bh6 e6 14. Bxg7 Kxg7 15. Rac1 Rb8 16. b3 Ne7 17. c5 Nfd5 18. Ne4 Nf4 19. cxd6 cxd6 20. g3 Nxe2+ 21. Qxe2 Nf5 22. Neg5 Re8 23. Rfd1 Rc8 24. g4 Rxc1 25. Rxc1 Nxd4 26. Qb2 e5 27. Nxd4 Qxg5 28. Rc7 Qd8 29. Nb5 Re7 30. Qe2 d5 31. Rb7 Bxb5 32. Qxe5+ Kf7 33. Rxe7+ Qxe7 34. Qxd5+ 1/2-1/2

[Event "Allauch FRA, 5th Open"]
[Site "Allauch FRA"]
[Date "2023.08.31"]
[Round "6.3"]
[White "Charvein, Gabriel"]
[Black "Golubka, Petro"]
[Result "0-1"]
[ECO "B90"]
[WhiteElo "1993"]
[BlackElo "2421"]
[WhiteFideId "-1"]
[BlackFideId "-1"]
[PlyCount "86"]
[GameId "2129404705514001"]
[EventDate "2023.08.28"]
[EventType "swiss"]
[EventRounds "9"]
[EventCountry "FRA"]
[SourceTitle "10 Days #735"]
[Source "ChessMix "]
[SourceDate "2023.09.20"]
[SourceVersion "1"]
[SourceVersionDate "2023.09.20"]
[SourceQuality "1"]
[TimeControl "1"]

1. e4 c5 2. Nf3 d6 3. d4 cxd4 4. Nxd4 Nf6 5. Nc3 Nc6 6. Be3 e5 7. Nb3 Be6 8. Qd2 a6 9. f3 h5 10. Nd5 Bxd5 11. exd5 Ne7 12. c4 b6 13. Bd3 g6 14. h3 a5 15. a4 Bg7 16. Qe2 h4 17. Qf2 Nd7 18. Nd2 f5 19. Qe2 Bh6 20. Bxh6 Rxh6 21. O-O-O Nc5 22. Bc2 Ng8 23. Rdg1 Qg5 24. Rf1 Qf4 25. Re1 Nf6 26. Qe3 Qxe3 27. Rxe3 Kf7 28. b3 Nh5 29. Kd1 Nf4 30. Rg1 Rh5 31. Ke1 Kf6 32. Kf2 Re8 33. Nb1 Rg5 34. Nc3 Rg3 35. Ne2 Nxe2 36. Rxe2 Na6 37. Re3 Kg5 38. Rge1 Rh8 39. Bb1 Kf4 40. Bd3 Nc5 41. Bc2 Rh5 42. Kf1 e4 43. Kf2 Rhg5 0-1

[Event "Allauch FRA, 5th Open"]
[Site "Allauch FRA"]
[Date "2023.08.31"]
[Round "7.2"]
[White "Golubka, Petro"]
[Black "Chaumet, Etienne"]
[Result "1-0"]
[ECO "B20"]
[WhiteElo "2421"]
[BlackElo "2075"]
[WhiteFideId "-1"]
[BlackFideId "-1"]
[PlyCount "83"]
[GameId "2129404705514008"]
[EventDate "2023.08.28"]
[EventType "swiss"]
[EventRounds "9"]
[EventCountry "FRA"]
[SourceTitle "10 Days #735"]
[Source "ChessMix "]
[SourceDate "2023.09.20"]
[SourceVersion "1"]
[SourceVersionDate "2023.09.20"]
[SourceQuality "1"]
[TimeControl "1"]

1. e4 c5 2. b3 d6 3. Bb2 Nf6 4. Bb5+ Bd7 5. Qe2 Nc6 6. Nc3 g6 7. f4 Nd4 8. Bxd7+ Qxd7 9. Qd3 Bg7 10. Nf3 Nxf3+ 11. Qxf3 O-O 12. O-O-O b5 13. h3 Qb7 14. e5 Qxf3 15. gxf3 b4 16. exf6 bxc3 17. Bxc3 Bxf6 18. Bxf6 exf6 19. Rhe1 Rfe8 20. Re3 Re6 21. Rxe6 fxe6 22. d4 cxd4 23. Rxd4 Rd8 24. Kd2 Kf7 25. Ra4 Rd7 26. c4 g5 27. fxg5 fxg5 28. Ra5 Kg6 29. b4 e5 30. a4 Kh5 31. Rd5 Kh4 32. c5 Kxh3 33. Rxd6 Rc7 34. c6 h5 35. b5 h4 36. a5 Kg2 37. b6 axb6 38. axb6 Rh7 39. c7 h3 40. c8=Q h2 41. Ke3 h1=Q 42. Qg4+ 1-0

[Event "Allauch FRA, 5th Open"]
[Site "Allauch FRA"]
[Date "2023.09.01"]
[Round "8.1"]
[White "Golubka, Petro"]
[Black "Petrosyan, Armen"]
[Result "1/2-1/2"]
[ECO "B12"]
[WhiteElo "2421"]
[BlackElo "2360"]
[WhiteFideId "-1"]
[BlackFideId "-1"]
[PlyCount "185"]
[GameId "2129404705514015"]
[EventDate "2023.08.28"]
[EventType "swiss"]
[EventRounds "9"]
[EventCountry "FRA"]
[SourceTitle "10 Days #735"]
[Source "ChessMix "]
[SourceDate "2023.09.20"]
[SourceVersion "1"]
[SourceVersionDate "2023.09.20"]
[SourceQuality "1"]
[TimeControl "1"]

1. e4 c6 2. d4 d5 3. e5 Bf5 4. g4 Be4 5. f3 Bg6 6. e6 fxe6 7. h4 h5 8. Bd3 Bxd3 9. Qxd3 Qd6 10. Qg6+ Kd8 11. Bg5 Nf6 12. Ne2 Nbd7 13. Nd2 e5 14. O-O-O Kc7 15. Qf7 exd4 16. f4 c5 17. gxh5 Ng4 18. Ng3 e6 19. Rhe1 Ne3 20. Rxe3 dxe3 21. Nc4 dxc4 22. Rxd6 Bxd6 23. Qxg7 Rhg8 24. Qc3 Rxg5 25. fxg5 Bxg3 26. Qxe3 Be5 27. h6 Rf8 28. Kd1 Rf1+ 29. Ke2 Rh1 30. Qe4 Rh2+ 31. Kf3 Rd2 32. c3 Kd6 33. Qxb7 Rh2 34. Kg4 Rf2 35. h7 Rf7 36. Qe4 Bh8 37. h5 Ne5+ 38. Kg3 Rf5 39. Qa8 Rxg5+ 40. Kf4 Rf5+ 41. Ke4 Nf7 42. Qxa7 Re5+ 43. Kf3 Rxh5 44. Qb8+ Ke7 45. a4 Rxh7 46. a5 Ne5+ 47. Kg2 Rg7+ 48. Kf1 Rf7+ 49. Ke2 Bg7 50. a6 Nd3 51. a7 Rf2+ 52. Ke3 Bh6+ 53. Ke4 Rf5 54. Qc7+ Kf6 55. Qd8+ Kf7 56. Qh4 Nf2+ 57. Qxf2 Rxf2 58. a8=Q Re2+ 59. Kf3 Rxb2 60. Qa7+ Kf6 61. Qxc5 Rc2 62. Qd4+ Kf7 63. Qd7+ Kf6 64. Qd8+ Kf7 65. Qc7+ Kf6 66. Qxc4 Rc1 67. Qd4+ Kf7 68. c4 Rf1+ 69. Ke2 Rf5 70. Qd7+ Kf6 71. Qd8+ Kf7 72. Qc7+ Ke8 73. c5 Bf4 74. Qc8+ Ke7 75. Kd3 Rf8 76. Qb7+ Kf6 77. Ke4 Rf7 78. Qb6 Bc7 79. Qc6 Rg7 80. Qe8 Rf7 81. Kd3 Rh7 82. Kc4 Rg7 83. Kb5 Be5 84. Qf8+ Rf7 85. Qh6+ Kf5 86. c6 Bf4 87. Qh5+ Kf6 88. Qd1 Bc7 89. Ka6 Ke5 90. Kb7 Bd6+ 91. Kb6 Bc7+ 92. Kb7 Bd6+ 93. Kb6 1/2-1/2

[Event "Allauch FRA, 5th Open"]
[Site "Allauch FRA"]
[Date "2023.09.02"]
[Round "9.3"]
[White "Massardo, Quentin"]
[Black "Golubka, Petro"]
[Result "0-1"]
[ECO "B53"]
[WhiteElo "1990"]
[BlackElo "2421"]
[WhiteFideId "-1"]
[BlackFideId "-1"]
[PlyCount "60"]
[GameId "2129404705514025"]
[EventDate "2023.08.28"]
[EventType "swiss"]
[EventRounds "9"]
[EventCountry "FRA"]
[SourceTitle "10 Days #735"]
[Source "ChessMix "]
[SourceDate "2023.09.20"]
[SourceVersion "1"]
[SourceVersionDate "2023.09.20"]
[SourceQuality "1"]
[TimeControl "1"]

1. e4 c5 2. Nf3 d6 3. d4 cxd4 4. Qxd4 a6 5. c4 Nc6 6. Qe3 h5 7. Be2 g6 8. O-O Bh6 9. Qc3 e5 10. Bxh6 Rxh6 11. c5 Bg4 12. Rd1 g5 13. Na3 Bxf3 14. Bxf3 g4 15. Be2 Nd4 16. Rxd4 exd4 17. Qxd4 dxc5 18. Qxc5 Rc8 19. Qe3 b5 20. Rd1 Rd6 21. Rxd6 Qxd6 22. h3 Qc5 23. Qxc5 Rxc5 24. hxg4 hxg4 25. Kh2 Nf6 26. Bd3 Nd7 27. Kg3 Ne5 28. Be2 b4 29. Nb1 Rc2 30. Kf4 Rxe2 0-1

[Event "Salon de Provence op"]
[Site "Salon de Provence FRA"]
[Date "2023.07.09"]
[Round "2.2"]
[White "Busson, Benoit"]
[Black "Golubka, Petro"]
[Result "0-1"]
[ECO "D04"]
[WhiteElo "1871"]
[BlackElo "2383"]
[WhiteFideId "-1"]
[BlackFideId "-1"]
[PlyCount "64"]
[GameId "2129404707693858"]
[EventDate "2023.07.08"]
[EventType "swiss"]
[EventRounds "9"]
[EventCountry "FRA"]
[SourceTitle "10 Days #729"]
[Source "ChessMix"]
[SourceDate "2023.07.20"]
[SourceVersion "1"]
[SourceVersionDate "2023.07.20"]
[SourceQuality "1"]
[TimeControl "1"]

1. d4 d5 2. Nf3 a6 3. e3 Nf6 4. Bd3 e6 5. Nbd2 b6 6. O-O Bb7 7. Ne5 c5 8. c3 Nc6 9. f4 Bd6 10. Ndf3 h6 11. Bd2 Ne7 12. Be1 Ne4 13. Nh4 g6 14. a3 O-O 15. Qg4 f5 16. Qh3 Bxe5 17. fxe5 g5 18. Nf3 Kg7 19. Bxe4 dxe4 20. Nd2 cxd4 21. exd4 Bd5 22. c4 Bc6 23. Nb3 b5 24. Ba5 Qd7 25. cxb5 Bxb5 26. Rfd1 Nd5 27. Nc5 Qf7 28. Bd2 a5 29. b4 a4 30. g4 fxg4 31. Qxg4 Qf2+ 32. Kh1 Be2 0-1

[Event "Salon de Provence op"]
[Site "Salon de Provence FRA"]
[Date "2023.07.09"]
[Round "3.1"]
[White "Golubka, Petro"]
[Black "Omelja, Artem"]
[Result "1/2-1/2"]
[ECO "D94"]
[WhiteElo "2383"]
[BlackElo "2457"]
[WhiteFideId "-1"]
[BlackFideId "-1"]
[PlyCount "84"]
[GameId "2129404707693865"]
[EventDate "2023.07.08"]
[EventType "swiss"]
[EventRounds "9"]
[EventCountry "FRA"]
[SourceTitle "10 Days #729"]
[Source "ChessMix"]
[SourceDate "2023.07.20"]
[SourceVersion "1"]
[SourceVersionDate "2023.07.20"]
[SourceQuality "1"]
[TimeControl "1"]

1. d4 d5 2. c4 c6 3. Nc3 Nf6 4. Nf3 g6 5. e3 Bg7 6. Bd3 O-O 7. O-O Bg4 8. h3 Bxf3 9. Qxf3 e6 10. Rd1 Nbd7 11. a4 a5 12. b3 Re8 13. Bb2 Nb8 14. Rac1 Na6 15. Qe2 Nb4 16. Ba3 Bf8 17. Bxb4 Bxb4 18. Qc2 Rc8 19. Ne2 Ba3 20. Rb1 Bf8 21. e4 dxe4 22. Bxe4 Nxe4 23. Qxe4 Bg7 24. Rd3 Rc7 25. Rbd1 Rd7 26. g3 Qe7 27. Kg2 Red8 28. Qe3 Bf6 29. h4 h5 30. Kf1 Kg7 31. Ng1 c5 32. Nf3 b6 33. d5 exd5 34. Qxe7 Rxe7 35. Rxd5 Rxd5 36. Rxd5 Re6 37. Ng5 Bxg5 38. hxg5 Kf8 39. Rd8+ Ke7 40. Rb8 Rd6 41. Rb7+ Ke6 42. Ke2 Ke5 1/2-1/2

[Event "Salon de Provence op"]
[Site "Salon de Provence FRA"]
[Date "2023.07.10"]
[Round "4.2"]
[White "Peric, Slavisa"]
[Black "Golubka, Petro"]
[Result "0-1"]
[ECO "E60"]
[WhiteElo "2003"]
[BlackElo "2383"]
[WhiteFideId "-1"]
[BlackFideId "-1"]
[PlyCount "92"]
[GameId "2129404707693874"]
[EventDate "2023.07.08"]
[EventType "swiss"]
[EventRounds "9"]
[EventCountry "FRA"]
[SourceTitle "10 Days #729"]
[Source "ChessMix"]
[SourceDate "2023.07.20"]
[SourceVersion "1"]
[SourceVersionDate "2023.07.20"]
[SourceQuality "1"]
[TimeControl "1"]

1. d4 Nf6 2. Nf3 g6 3. c4 Bg7 4. e3 O-O 5. Nbd2 c5 6. dxc5 Na6 7. Nb3 Qc7 8. Bd2 Ne4 9. Qc2 f5 10. Ba5 b6 11. cxb6 axb6 12. Bd2 Bb7 13. Be2 Nxd2 14. Qxd2 Nc5 15. Nxc5 bxc5 16. O-O Rfb8 17. Rad1 d6 18. b3 Bf6 19. Bd3 Qa5 20. Qxa5 Rxa5 21. Bb1 Bc3 22. Ne1 Rba8 23. Nd3 Kf7 24. f3 e6 25. Nf4 Ke7 26. Rd3 Be5 27. Ne2 g5 28. Rfd1 Rd8 29. Kf2 h6 30. h3 Bc6 31. Nc3 h5 32. g3 g4 33. hxg4 hxg4 34. f4 Bxc3 35. Rxc3 Rh8 36. e4 fxe4 37. Rcc1 Rh3 38. Re1 d5 39. f5 exf5 40. cxd5 Bxd5 41. Rg1 Ke6 42. Ke3 Ke5 43. Rcf1 c4 44. bxc4 Ra3+ 45. Kd2 Rh2+ 46. Kd1 Bxc4 0-1

[Event "Salon de Provence op"]
[Site "Salon de Provence FRA"]
[Date "2023.07.11"]
[Round "5.2"]
[White "Golubka, Petro"]
[Black "Petrosyan, Armen"]
[Result "1-0"]
[ECO "B10"]
[WhiteElo "2383"]
[BlackElo "2364"]
[WhiteFideId "-1"]
[BlackFideId "-1"]
[PlyCount "101"]
[GameId "2129404707693882"]
[EventDate "2023.07.08"]
[EventType "swiss"]
[EventRounds "9"]
[EventCountry "FRA"]
[SourceTitle "10 Days #729"]
[Source "ChessMix"]
[SourceDate "2023.07.20"]
[SourceVersion "1"]
[SourceVersionDate "2023.07.20"]
[SourceQuality "1"]
[TimeControl "1"]

1. e4 c6 2. c4 d5 3. exd5 cxd5 4. cxd5 Nf6 5. Qa4+ Nbd7 6. Nc3 g6 7. Nf3 Bg7 8. Bc4 O-O 9. d3 a6 10. Qa3 b6 11. O-O Bb7 12. Re1 b5 13. Bb3 Re8 14. Qb4 a5 15. Qxb5 Ba6 16. Qc6 Bxd3 17. Rd1 Bf5 18. d6 Rc8 19. Qb5 Rb8 20. dxe7 Qxe7 21. Qxa5 Nc5 22. Bg5 Nxb3 23. axb3 Qb7 24. Nd4 Bd7 25. Qa7 h6 26. Bf4 Qxa7 27. Rxa7 Rb4 28. h3 Bc8 29. Ra8 Bb7 30. Ra4 Rb6 31. Bc7 Ra6 32. Rxa6 Bxa6 33. b4 Bb7 34. b5 Rc8 35. b6 Ne8 36. Ndb5 Kf8 37. Na4 Nxc7 38. bxc7 Be5 39. Rd8+ Ke7 40. Rxc8 Bxc8 41. Nb6 Bd7 42. c8=Q Bxc8 43. Nxc8+ Kd7 44. Nb6+ Kc6 45. Nc4 Bg7 46. Nbd6 f5 47. b3 Kc5 48. Nf7 Kb4 49. Nce5 g5 50. Nc6+ Kxb3 51. Ne7 1-0

[Event "Salon de Provence op"]
[Site "Salon de Provence FRA"]
[Date "2023.07.11"]
[Round "6.1"]
[White "Roganova, Maxime"]
[Black "Golubka, Petro"]
[Result "0-1"]
[ECO "C01"]
[WhiteElo "1773"]
[BlackElo "2383"]
[WhiteFideId "-1"]
[BlackFideId "-1"]
[PlyCount "60"]
[GameId "2129404707693889"]
[EventDate "2023.07.08"]
[EventType "swiss"]
[EventRounds "9"]
[EventCountry "FRA"]
[SourceTitle "10 Days #729"]
[Source "ChessMix"]
[SourceDate "2023.07.20"]
[SourceVersion "1"]
[SourceVersionDate "2023.07.20"]
[SourceQuality "1"]
[TimeControl "1"]

1. e4 e6 2. d4 d5 3. Bd3 c5 4. exd5 exd5 5. dxc5 Bxc5 6. Nf3 Nf6 7. h3 O-O 8. O-O Nc6 9. a3 Ne4 10. Nbd2 Bf5 11. Nb3 Bb6 12. c3 Qf6 13. Bc2 Rad8 14. Nbd4 Bc8 15. Be3 h6 16. Qd3 Qg6 17. Ne2 Bc7 18. Kh1 Bf5 19. Nh4 Nxf2+ 20. Rxf2 Bxd3 21. Nxg6 Bxg6 22. Ba4 Ne5 23. Nf4 Be4 24. Bd4 Nc4 25. Nh5 Bb6 26. Rd1 Rd6 27. Kh2 Ne3 28. Bxe3 Bxe3 29. Re2 Bb6 30. Rxe4 dxe4 0-1

[Event "Salon de Provence op"]
[Site "Salon de Provence FRA"]
[Date "2023.07.12"]
[Round "7.2"]
[White "Golubka, Petro"]
[Black "Espanet, Fabien"]
[Result "1-0"]
[ECO "C47"]
[WhiteElo "2383"]
[BlackElo "1585"]
[WhiteFideId "-1"]
[BlackFideId "-1"]
[PlyCount "86"]
[GameId "2129404707693898"]
[EventDate "2023.07.08"]
[EventType "swiss"]
[EventRounds "9"]
[EventCountry "FRA"]
[SourceTitle "10 Days #729"]
[Source "ChessMix"]
[SourceDate "2023.07.20"]
[SourceVersion "1"]
[SourceVersionDate "2023.07.20"]
[SourceQuality "1"]
[TimeControl "1"]

1. e4 e5 2. Nf3 Nf6 3. Nc3 Nc6 4. h3 d5 5. exd5 Nxd5 6. Bb5 Nxc3 7. bxc3 Bd6 8. d4 exd4 9. cxd4 O-O 10. O-O Qf6 11. c3 Bf5 12. a4 Rfe8 13. a5 a6 14. Bd3 Bxd3 15. Qxd3 h6 16. Be3 Rad8 17. Rfb1 Rb8 18. Bd2 Ne7 19. Rb2 Ng6 20. Rab1 Nf4 21. Bxf4 Qxf4 22. g3 Qe4 23. Qxe4 Rxe4 24. Rxb7 Rxb7 25. Rxb7 Re2 26. c4 Ra2 27. c5 Bf8 28. Ne5 Be7 29. Nc6 Bf6 30. Rxc7 Rd2 31. Rc8+ Kh7 32. Ra8 Bxd4 33. Nxd4 Rxd4 34. Rxa6 Rc4 35. Rc6 Ra4 36. a6 Ra5 37. f4 f6 38. Kf2 Kg6 39. Ke3 Ra3+ 40. Ke4 Rxg3 41. a7 Ra3 42. Rc7 f5+ 43. Ke5 Ra5 1-0

[Event "Salon de Provence op"]
[Site "Salon de Provence FRA"]
[Date "2023.07.13"]
[Round "8.1"]
[White "Lalic, Bogdan"]
[Black "Golubka, Petro"]
[Result "1/2-1/2"]
[ECO "D85"]
[WhiteElo "2371"]
[BlackElo "2383"]
[WhiteFideId "-1"]
[BlackFideId "-1"]
[PlyCount "43"]
[GameId "2129404707693905"]
[EventDate "2023.07.08"]
[EventType "swiss"]
[EventRounds "9"]
[EventCountry "FRA"]
[SourceTitle "10 Days #729"]
[Source "ChessMix"]
[SourceDate "2023.07.20"]
[SourceVersion "1"]
[SourceVersionDate "2023.07.20"]
[SourceQuality "1"]
[TimeControl "1"]

1. d4 Nf6 2. c4 g6 3. Nc3 d5 4. Nf3 Bg7 5. cxd5 Nxd5 6. e4 Nxc3 7. bxc3 c5 8. Rb1 O-O 9. Be2 b6 10. O-O Bb7 11. Qd3 e6 12. Bg5 Qd7 13. Qe3 Qc6 14. Nd2 Rc8 15. Bb5 Qc7 16. e5 a6 17. Bd3 Nd7 18. Be4 b5 19. a4 Bc6 20. axb5 axb5 21. Bxc6 Qxc6 22. Ne4 1/2-1/2

[Event "Salon de Provence op"]
[Site "Salon de Provence FRA"]
[Date "2023.07.21"]
[Round "9.2"]
[White "Golubka, Petro"]
[Black "Hernandez, Lara"]
[Result "1-0"]
[ECO "B23"]
[WhiteElo "2383"]
[BlackElo "1956"]
[WhiteFideId "-1"]
[BlackFideId "-1"]
[PlyCount "63"]
[GameId "2129404707693914"]
[EventDate "2023.07.08"]
[EventType "swiss"]
[EventRounds "9"]
[EventCountry "FRA"]
[SourceTitle "10 Days #729"]
[Source "ChessMix"]
[SourceDate "2023.07.20"]
[SourceVersion "1"]
[SourceVersionDate "2023.07.20"]
[SourceQuality "1"]
[TimeControl "1"]

1. e4 d6 2. f4 c5 3. Nc3 Nc6 4. Bb5 Nf6 5. Bxc6+ bxc6 6. Nf3 Qb6 7. O-O c4+ 8. Kh1 e6 9. b3 cxb3 10. axb3 Ba6 11. d3 Be7 12. Qe1 Ng4 13. h3 h5 14. g3 Nf6 15. Bb2 Bb7 16. Na4 Qc7 17. b4 a5 18. e5 Nd5 19. exd6 Bxd6 20. Bxg7 Rg8 21. Be5 Nxb4 22. Bxd6 Qxd6 23. Qf2 h4 24. Qc5 Qd5 25. c4 Qxc5 26. Nxc5 hxg3 27. Rfb1 g2+ 28. Kh2 Nc2 29. Ra2 Nb4 30. Ra4 O-O-O 31. Rxa5 Nxd3 32. Nxb7 1-0